 Dungeon Crawl Stone Soup version 0.22.0-13-g43fe8f2 (webtiles) character file.

72 Azzok the Chopper (level 4, -1/28 HPs)
             Began as a Gargoyle Fighter on Aug 16, 2018.
             Slain by a worm (2 damage)
             ... on level 2 of the Dungeon.
             The game lasted 00:02:42 (1052 turns).

Azzok the Chopper (Gargoyle Fighter)                Turns: 1052, Time: 00:02:43

Health: -1/28      AC: 13    Str: 20    XL:     4   Next: 26%
Magic:  4/4        EV:  7    Int:  9    God:
Gold:   31         SH:  0    Dex:  9    Spells: 3/3 levels left

rFire    . . .     SeeInvis .   a - +0 war axe
rCold    . . .     Gourm    .   (no shield)
rNeg     + . .     Faith    .   i - +0 chain mail
rPois    ∞         Spirit   .   g - +0 helmet
rElec    +         Reflect  .   (no cloak)
rCorr    .         Harm     .   (no gloves)
MR       .....                  (no boots)
Stlth    ..........             (no amulet)
HPRegen  0.09/turn              (no ring)
MPRegen  0.09/turn              (no ring)

@: no status effects
A: negative energy resistance 1, electricity resistance, unbreathing,
petrification resistance, rot immunity, AC +3
a: no special abilities


You were on level 2 of the Dungeon.
You were not hungry.

You visited 1 branch of the dungeon, and saw 4 of its levels.

You collected 31 gold pieces.

Inventory:

Hand Weapons
 a - a +0 war axe (weapon)
Armour
 c - a +0 shield
 g - a +0 helmet (worn)
 i - a +0 chain mail (worn)
Scrolls
 b - 2 scrolls of random uselessness {unknown}
 e - 4 scrolls of identify {unknown}
 h - a scroll of teleportation {unknown}
 k - a scroll of magic mapping {unknown}
Potions
 d - a potion of might
Comestibles
 f - 3 rations
 j - 5 chunks of flesh


   Skills:
 - Level 3.2 Fighting
 + Level 4.0 Axes
 - Level 3.2 Armour
 - Level 3.2 Shields


You had 3 spell levels left.
You didn't know any spells.
Your spell library was empty.

Dungeon Overview and Level Annotations

Branches:
Dungeon (4/15)
 Temple: D:4-7

Altars:
Xom


Innate Abilities, Weirdness & Mutations

You are resistant to torment.
Your stone body is resilient. (AC +3)
You are immune to poison.
You resist negative energy. (rN+)
You are resistant to electric shocks. (rElec)
You can survive without breathing.
You are immune to petrification.
You are immune to rotting.


Message History

* * * LOW HITPOINT WARNING * * *
There is a stone staircase leading up here.
The worm bites you.
* * * LOW HITPOINT WARNING * * *
The hobgoblin hits you but does no damage.
You climb upwards.
There is a stone staircase leading down here.
Your chain mail prevents you from hitting the hobgoblin.
You hit the worm but do no damage. The hobgoblin hits you.
* * * LOW HITPOINT WARNING * * *
You barely miss the hobgoblin. You barely miss the worm.
The hobgoblin barely misses you. The worm barely misses you.
You closely miss the hobgoblin. You hit the worm but do no damage.
The hobgoblin barely misses you. The worm bites you.
* * * LOW HITPOINT WARNING * * *
The hobgoblin hits you but does no damage.
You closely miss the hobgoblin. You hit the worm.
The hobgoblin hits you but does no damage.
The worm bites you.
You die...

▒·^·^·_·····▒▒·▒
▒$▒≈·_·≈≈≈▒▒▒▒·▒
▒_·♣··_♣▒ ▒·▒ ▒▒$··≈♣▒
▒·▒ ▒▒^·≈▒ ▒·▒ ▒▒·▒▒ ▒·▒
▒·▒▒·▒ ▒·▒· ▒·▒ ▒·▒▒·▒
▒▒···▒▒▒▒▒·▒▒▒ ▒▒·▒▒·▒
·········÷·w@▒
▒▒···▒·▒▒▒▒
▒▒▒▒···▒▒▒▒g▒
▒▒········· ▒········▒
▒········▒ ▒···▒▒▒▒▒▒
▒······▒ ▒▒·▒▒
▒······▒▒▒▒▒▒ ▒·▒
▒·▒·▒········ ▒·▒
▒·▒·▒▒·▒▒▒▒▒· ▒·▒
▒)▒·▒▒·▒▒▒▒▒·
▒·▒▒▒▒▒▒▒▒▒▒·▒·▒▒····▒▒·


You could see a worm and a hobgoblin.

Vanquished Creatures
  A gnoll (D:3)
  An adder (D:2)
  2 dart slugs
  A leopard gecko (D:1)
  A ball python (D:1)
  5 bats
  3 giant cockroaches
  7 goblins
  6 hobgoblins
  2 jackals (D:2)
  A quokka (D:2)
  4 frilled lizards
  A jackal skeleton (D:4)
  7 kobolds
  4 rats
46 creatures vanquished.

Notes
Turn   | Place    | Note
-------+----------+-------------------------------------------
     0 | D:1      | Azzok the Gargoyle Fighter began the quest for the Orb.
     0 | D:1      | Reached XP level 1. HP: 14/14 MP: 1/1
    31 | D:1      | Reached skill level 2 in Axes
    39 | D:1      | Reached XP level 2. HP: 19/19 MP: 2/2
   348 | D:1      | Reached skill level 3 in Axes
   389 | D:1      | Reached XP level 3. HP: 20/23 MP: 3/3
   954 | D:2      | Reached XP level 4. HP: 26/28 MP: 4/4
   973 | D:2      | Found a shimmering altar of Xom.
   990 | D:2      | Found a shimmering altar of Xom.
   990 | D:2      | Found a shimmering altar of Xom.
   991 | D:2      | Found a shimmering altar of Xom.
   997 | D:2      | You fall through a shaft for 2 floors!
   999 | D:4      | Noticed an ogre
  1039 | D:3      | Reached skill level 4 in Axes
  1051 | D:2      | HP: 1/28 [worm (2)]
  1052 | D:2      | Slain by a worm

Skill      XL: |  1  2  3  4 |
---------------+-------------+-----
Axes           | 2 3 4 |  4.0
Fighting       | |  3.2
Armour         | |  3.2
Shields        | |  3.2

Action                   |  1- 3 |  4- 6 || total
-------------------------+-------+-------++-------
Melee: War axe           |   131 |    24 ||   155
  Eat: Chunk             |       |     1 ||     1
Armor: Scale mail        |    60 |       ||    60
       Chain mail        |    46 |    22 ||    68
Dodge: Dodged            |    64 |    19 ||    83
